AoeStats
← _LY_抖音肥龙

African Clearing

505058980Analyzed
4v4 RM · 24d ago on Sep 7, 2026· 26m 32s· 8 players
Game mode
Random Map
Map size
Large (8 player)
Population
200
Speed
Normal
Resources
Standard
Victory
Conquest
Starting age
Dark Age
Ending age
Imperial Age
RankedLock teamsTeams togetherTeam positionsShared explorationLock speedFull tech treeHidden civsTurbo modeCheats
Victory
Defeat
🇭🇰 Spanish · Hong Kong SAR China
1784
+6
🇨🇳 Mongols · China
1619
+11
🇨🇳 Khmer · China
1399
+20
🇨🇳 Magyars · China
1145
+29
🇭🇷 Vietnamese · Croatia
1594
-20
🇺🇸 Mongols · United States
1488
-16
🇩🇪 Jurchens · Germany
1475
-16
🇸🇪 Burgundians · Sweden
1441
-14
_LY_抖音肥龙
12:58 Feudal Age
14:02 Double-Bit Axe
16:56 Castle Age
16:01 Horse Collar
17:53 Bow Saw
19:28 Loom
23:31 Padded Archer Armor
27:22 Wheelbarrow
ADSFN
9:15 Loom
12:14 Feudal Age
13:25 Double-Bit Axe
22:01 Horse Collar
24:26 Gold Mining
27:15 Castle Age
27:41 Wheelbarrow
云层贩卖心动
6:04 Loom
12:14 Feudal Age
12:53 Loom
14:36 Double-Bit Axe
15:37 Loom
19:34 Castle Age
23:32 Husbandry
23:45 Bloodlines
23:43 Padded Archer Armor
25:26 Fletching
lostRiver
12:27 Loom
14:36 Feudal Age
16:31 Bloodlines
18:01 Double-Bit Axe
19:09 Scale Barding Armor
24:06 Horse Collar
27:50 Castle Age
fajerflaj
5:40 Loom
13:50 Feudal Age
14:24 Double-Bit Axe
17:45 Forging
20:55 Castle Age
21:06 Scale Barding Armor
22:32 Bow Saw
24:01 Horse Collar
Jimmy
10:50 Loom
12:58 Feudal Age
16:54 Castle Age
15:39 Double-Bit Axe
18:21 Fletching
20:51 Bow Saw
21:18 Bodkin Arrow
treehugger
3:06 Loom
12:36 Feudal Age
14:17 Double-Bit Axe
14:24 Double-Bit Axe
16:41 Castle Age
14:44 Horse Collar
17:33 Bow Saw
18:29 Heavy Plow
21:16 Husbandry
23:01 Wheelbarrow
25:40 Fletching
27:06 Ballistics
27:00 Bodkin Arrow
vladtepes
11:03 Feudal Age
12:22 Double-Bit Axe
15:55 Forging
16:22 Scale Barding Armor
17:02 Bloodlines
21:08 Loom
Connection lost

Rejoining the realm…

Still unreachable

The connection could not be restored.

Session expired

The server has moved on; the page needs a fresh start.